 Dungeon Crawl Stone Soup version 0.18.1-8-gdd0e5ea (webtiles) character file.

361 zeroDi the Sneak (level 6, -10/30 HPs)
             Began as a Vine Stalker Assassin on May 21, 2016.
             Mangled by an ogre
             ... wielding a +0 giant club
              (22 damage)
             ... on level 3 of the Dungeon.
             The game lasted 00:07:43 (2764 turns).

zeroDi the Sneak (Vine Stalker Assassin)            Turns: 2764, Time: 00:07:43

Health: -10/30     AC:  3    Str: 13    XL:     6   Next: 66%
Magic:  0/7        EV: 11    Int: 11    God:
Gold:   95         SH:  0    Dex: 18    Spells: 0 memorised, 5 levels left

rFire  . . .     SeeInvis .     b - +0 blowgun
rCold  . . .     Gourm    .     c - +0 robe
rNeg   . . .     Faith    .     (no shield)
rPois  .         Spirit   +     (no helmet)
rElec  .         Dismiss  .     d - +0 cloak
rCorr  .         Reflect  .     (no gloves)
SustAt .         Harm     .     (no boots)
MR     .....                    (no amulet)
Stlth  +++.......               (no ring)
                                (no ring)

@: not resistant to hostile enchantments, fairly stealthy
A: fangs 2, regeneration 2, magic shield, antimagic bite, no device heal 3, rot
immunity
a: no special abilities


You were on level 3 of the Dungeon.
You were not hungry.

You visited 1 branch of the dungeon, and saw 4 of its levels.

You collected 95 gold pieces.


Innate Abilities, Weirdness & Mutations

You have extremely sharp teeth.
You heal very quickly.
When hurt, damage is shared between your health and your magic reserves.
Your bite disrupts and absorbs the magic of your enemies.
Potions and wands cannot restore your health.
You are immune to rotting.


   Skills:
 - Level 1.7 Fighting
 - Level 5.5 Short Blades
 - Level 1.7 Throwing
 - Level 0.7 Dodging
 * Level 6.3 Stealth


You had 5 spell levels left.
You didn't know any spells.

Inventory:

Hand Weapons
 a - a +0 dagger of venom
 b - a +0 blowgun (weapon)
 t - a +2 dagger
Missiles
 e - 4 poisoned needles (quivered)
 f - 2 curare-tipped needles {=f}
 h - 5 tomahawks
Armour
 c - a +0 robe (worn)
 d - a +0 cloak (worn)
Scrolls
 i - a scroll of fog {unknown}
 k - 3 scrolls of immolation {unknown}
 l - 4 scrolls of identify {unknown}
 n - a scroll of teleportation {unknown}
 q - a scroll of random uselessness {unknown}
 s - a scroll of magic mapping {unknown}
 u - a scroll of remove curse {unknown}
 x - a scroll of amnesia {unknown}
Potions
 j - a potion of lignification {unknown}
 m - a potion of beneficial mutation {unknown}
 p - a potion of haste {unknown}
 r - 2 potions of magic {unknown}
 w - a potion of invisibility {unknown}
 z - 2 potions of curing {unknown}
 B - 3 potions of might
Books
 y - a book of the Sky

   Spells                             Type                      Level
   a - Summon Lightning Spire         Summoning/Air                4
   b - Airstrike                      Air                          4
   c - Silence                        Hexes/Air                    5
   d - Deflect Missiles               Charms/Air                   6
   e - Conjure Ball Lightning         Conjuration/Air              6
   f - Tornado                        Air                          9
Comestibles
 g - 3 bread rations
 o - a meat ration
 v - a beef jerky
 A - 6 chunks of flesh

Dungeon Overview and Level Annotations

Branches:
Dungeon (4/15)
 Temple: D:4-7

Altars:
Elyvilon
Xom
Yredelemnul

Shops:
D:4 (

Annotations:
D:3 !grinder, Grinder

##..# ###.######
##.## #......# #..#
#......# #.##
#......# ..#
#####..#### ###
#....)#### #
###.##.....#
####...##.....#####
.....####.......@>#
.........>......O.#
.........÷........#
#########...÷.....#
# #.........# #
#.........# #####
#.....##### ....#
#.....# #####
#######


You could see an ogre.


Message History

[Y]es or [N]o only, please.
Really attack while wielding your +0 blowgun?
Okay, then.
The ogre barely misses you.
Firing (i - inventory. (,) - cycle):
e - 5 poisoned needles (quivered)
Press: ? - help, Shift-Dir - straight line, f/p - ogre
Aim: an ogre, wielding a giant club (moderately wounded, poisoned)
You shoot a poisoned needle.
The poisoned needle barely misses the ogre.
There is a stone staircase leading up here.
Warning, next level annotated: !grinder, Grinder Enter next level anyway?
The ogre hits you with a giant club!!
Ouch! That really hurt!
* * * LOW HITPOINT WARNING * * *
You climb upwards.
There is a stone staircase leading down here.
The ogre hits you with a giant club!!
Ouch! That really hurt!
You die...

Action                   |  1- 3 |  4- 6 || total
-------------------------+-------+-------++-------
Melee: Dagger            |    95 |   173 ||   268
       Bite              |    23 |    48 ||    71
 Fire: Blowgun           |       |     4 ||     4
 Stab: Sleeping          |    10 |     9 ||    19
  Eat: Chunk             |       |     6 ||     6
Armor: Robe              |    19 |    40 ||    59
Dodge: Dodged            |    44 |    66 ||   110

Vault maps used:
D:1:      dpeg_arrival_simpleton_c, serial_bayou_pond_e, xom_teletrap_fun
D:2:      kennysheep_ying_yang
D:3:      uniq_jessica, uniq_grinder, uniq_natasha, uniq_robin, uniq_iyjb
D:4:      first_bread, serial_shops, shop

Notes
Turn   | Place    | Note
--------------------------------------------------------------
     0 | D:1      | zeroDi the Vine Stalker Assassin began the quest for the Orb.
     0 | D:1      | Reached XP level 1. HP: 11/11 MP: 2/2
    22 | D:1      | Reached skill level 2 in Short Blades
   144 | D:1      | Reached XP level 2. HP: 15/15 MP: 3/3
   429 | D:1      | Found a shimmering altar of Xom.
   483 | D:1      | Reached skill level 3 in Short Blades
   488 | D:1      | Reached XP level 3. HP: 17/18 MP: 4/4
   987 | D:2      | Reached XP level 4. HP: 15/23 MP: 5/5
  1112 | D:2      | Reached skill level 4 in Short Blades
  1331 | D:2      | Found a white marble altar of Elyvilon.
  1396 | D:2      | Found a basalt altar of Yredelemnul.
  1542 | D:2      | Reached XP level 5. HP: 26/26 MP: 4/6
  1644 | D:3      | Noticed Robin
  1752 | D:2      | Killed Robin
  2124 | D:3      | Reached skill level 5 in Short Blades
  2155 | D:3      | Noticed Grinder
  2208 | D:3      | Noticed Natasha
  2213 | D:3      | Killed Natasha
  2428 | D:3      | Paralysed by Grinder for 5 turns
  2485 | D:3      | Noticed Jessica
  2490 | D:3      | Killed Jessica
  2490 | D:3      | Gained mutation: You heal very quickly. [Vine Stalker growth]
  2490 | D:3      | Reached XP level 6. HP: 30/30 MP: 7/7
  2518 | D:3      | Reached skill level 5 in Stealth
  2537 | D:3      | Noticed Natasha
  2550 | D:3      | Killed Natasha
  2614 | D:3      | Noticed Natasha
  2620 | D:3      | Killed Natasha
  2679 | D:4      | Found Hokkaicag's Weapon Boutique.
  2689 | D:4      | Reached skill level 6 in Stealth
  2764 | D:3      | Mangled by an ogre

Vanquished Creatures
  A hound (D:4)
  Jessica (D:3)
  Natasha (thrice) (D:3)
  A worker ant (D:4)
  Robin (D:2)
  10 adders
  An ooze (D:3)
  2 worms (D:2)
  3 dart slugs
  2 giant geckos
  9 bats
  7 giant cockroaches
  16 goblins
  10 hobgoblins
  4 jackals (D:1)
  2 ball pythons
  6 giant newts
  6 kobolds
  11 rats
96 creatures vanquished.
